 Dungeon Crawl Stone Soup version 0.21.1-1-g345015fe64 (webtiles) character file.

172 Emandoog the Covered (level 5, -1/46 HPs)
             Began as a Minotaur Fighter on July 11, 2018.
             Slain by an ogre
             ... wielding a +0 giant club
              (13 damage)
             ... on level 3 of the Dungeon.
             The game lasted 00:09:30 (2444 turns).

Emandoog the Covered (Minotaur Fighter)             Turns: 2444, Time: 00:09:31

Health: -1/46      AC:  7    Str: 21    XL:     5   Next: 27%
Magic:  4/4        EV:  8    Int:  5    God:
Gold:   109        SH:  9    Dex: 10    Spells: 4/4 levels left

rFire    . . .     SeeInvis .   a - +0 long sword
rCold    . . .     Gourm    .   c - +0 shield
rNeg     . . .     Faith    .   b - +0 scale mail
rPois    .         Spirit   .   (helmet restricted)
rElec    .         Reflect  .   (no cloak)
rCorr    .         Harm     .   (no gloves)
MR       .....                  (no boots)
Stlth    ..........             (no amulet)
HPRegen  0.15/turn              (no ring)
MPRegen  0.09/turn              (no ring)

@: no status effects
A: retaliatory headbutt, horns 2
a: no special abilities


You were on level 3 of the Dungeon.
You were not hungry.

You visited 1 branch of the dungeon, and saw 4 of its levels.

You collected 109 gold pieces.

Inventory:

Hand Weapons
 a - a +0 long sword (weapon)
Missiles
 l - 5 tomahawks of returning (quivered)
Armour
 b - a +0 scale mail (worn)
 c - a +0 shield (worn)
Jewellery
 k - a cursed ring of loudness {unknown}
Scrolls
 d - a scroll of fog {unknown}
 h - 3 scrolls of identify {unknown}
 i - 3 scrolls of amnesia {unknown}
 j - a scroll of enchant weapon {unknown}
 n - 4 scrolls of magic mapping {unknown}
 q - 3 scrolls of remove curse {unknown}
 r - a scroll of blinking {unknown}
Potions
 e - 2 potions of curing {unknown}
 g - 2 potions of heal wounds {unknown}
 m - 3 potions of mutation {unknown}
 o - a potion of degeneration {unknown}
 p - a potion of cancellation {unknown}
Comestibles
 f - 2 rations


   Skills:
 * Level 4.1 Fighting
 * Level 4.2 Long Blades
 * Level 4.9 Armour
 + Level 1.1 Dodging
 - Level 0.7 Stealth
 * Level 4.4 Shields


You had 4 spell levels left.
You didn't know any spells.

Dungeon Overview and Level Annotations

Branches:
Dungeon (4/15)
 Temple: D:4-7

Altars:
Okawaru


Innate Abilities, Weirdness & Mutations

You reflexively headbutt those who attack you in melee.
You have a pair of horns on your head.


Message History

There is a stone staircase leading down here.
You barely miss the ogre. Your headbutt misses the ogre.
The ogre hits you with a giant club!
You are too injured to fight recklessly!
You are too injured to fight recklessly!
You are too injured to fight recklessly!
You are too injured to fight recklessly!
You barely miss the ogre. You block the ogre's attack.
You hit the ogre.
The ogre is lightly wounded.
The ogre barely misses you.
You riposte.
You hit the ogre.
The ogre is moderately wounded.
You hit the ogre. Your headbutt misses the ogre.
The ogre is moderately wounded.
The ogre hits you with a giant club.
* * * LOW HITPOINT WARNING * * *
You barely miss the ogre.
The ogre is moderately wounded.
The ogre hits you with a giant club!
You die...

..#.#.........# ##.##.#
.##.#.#.##..### #.##.#
.###(..###(.# #.##.#
.####.####..#######.##.#
.................##.##.###
...###.###..####.##.##...#
##.# #.# #..# #.##.####.#
#.# #.###..# #.##.# #.# #.#
#.#....####@##.####.## #.#
#.#.##....O........#.#
##.###.#.###..##.##.####.##
#........# #..##.##.# ###
.....###.# #..##.##.#
.†...# #.# #..##.##.#
....†###.###..##.##.#
#............)...##.#
##....###.....#####.#


You could see an ogre.

Vanquished Creatures
  9 adders
  An ooze (D:2)
  2 worms
  2 dart slugs
  3 leopard geckos
  An orc (D:3)
  7 bats
  3 giant cockroaches
  8 goblins
  7 hobgoblins
  4 jackals (D:1)
  7 kobolds
  5 quokkas
  5 frilled lizards
  12 rats
76 creatures vanquished.

Notes
Turn   | Place    | Note
-------+----------+-------------------------------------------
     0 | D:1      | Emandoog the Minotaur Fighter began the quest for the Orb.
     0 | D:1      | Reached XP level 1. HP: 19/19 MP: 0/0
   249 | D:1      | Reached XP level 2. HP: 27/27 MP: 1/1
   440 | D:1      | Reached skill level 1 in Dodging
   533 | D:1      | Reached XP level 3. HP: 33/33 MP: 2/2
  1405 | D:2      | Found an iron altar of Okawaru.
  1468 | D:2      | Reached XP level 4. HP: 38/40 MP: 3/3
  1894 | D:3      | Reached XP level 5. HP: 45/46 MP: 4/4
  2418 | D:4      | Noticed an ogre
  2444 | D:3      | Slain by an ogre

Skill      XL: |  1  2  3  4 |
---------------+-------------+-----
Armour         | 4 |  4.9
Dodging        | 1 |  1.1
Long Blades    | 3 4 |  4.2
Fighting       | 4 |  4.1
Shields        | 4 |  4.4
Stealth        | |  0.7

Action                   |  1- 3 |  4- 6 || total
-------------------------+-------+-------++-------
Melee: Long sword        |   118 |    79 ||   197
       Headbutt          |     9 |    11 ||    20
Throw: Tomahawk          |     1 |       ||     1
  Use: Potion            |     1 |       ||     1
  Eat: Ration            |     1 |     1 ||     2
Armor: Scale mail        |    70 |    35 ||   105
Dodge: Dodged            |    46 |    28 ||    74
Block: Shield            |    81 |    50 ||   131
       Rpst.: Long sword |    13 |    12 ||    25
